 Dungeon Crawl Stone Soup version 0.30.1-4-g462c640d31 (webtiles) character file.

Game seed: 17589912714216329909

263 spardeous the Magician (level 6, -3/40 HPs)
             Began as a Djinni Conjurer on Aug 26, 2023.
             Killed from afar by a white imp (13 damage)
             ... with a puff of frost
             ... on level 5 of the Dungeon.
             The game lasted 00:01:54 (2475 turns).

spardeous the Magician (Djinni Conjurer)            Turns: 2475, Time: 00:01:54

Health: -3/40      AC:  4    Str:  8    XL:     6   Next: 42%
Gold:   114        EV: 11    Int: 25    God:
                   SH:  0    Dex: 12

rFire   + + .        i - staff of conjuration
rCold   x . .        (no shield)
rNeg    . . .        l - +0 leather armour
rPois   ∞            (no helmet)
rElec   .            t - +0 cloak
rCorr   .            (no gloves)
SInv    .            (boots unavailable)
Will    .....        (no amulet)
Stlth   +            g - +6 ring of intelligence
HPRegen 0.26/turn    (no ring)
MPRegen 0.00/turn

%: infuse magic (-4 HP)
@: flying
A: sickness immunity, fire resistance 2, cold vulnerability 1, float, innate
caster, HP casting, extra vitality 1
a: no special abilities


You were on level 5 of the Dungeon.
You visited 1 branch of the dungeon, and saw 4 of its levels.

You collected 114 gold pieces.

Inventory:

Hand Weapons
 d - a +2 spear of venom
Armour
 a - a +0 robe
 l - a +0 leather armour (worn)
 t - a +0 cloak (worn)
Magical Staves
 i - a staff of conjuration (weapon)
Jewellery
 g - a +6 ring of intelligence (left hand)
Wands
 s - a wand of iceblast (1)
Scrolls
 c - 2 scrolls of blinking {unknown}
 e - 3 scrolls of identify {unknown}
 f - 3 scrolls of teleportation {unknown}
 h - 2 scrolls of fog {unknown}
 p - a scroll of poison {unknown}
 r - 2 scrolls of enchant weapon {unknown}
Potions
 b - 5 potions of curing {unknown}
 j - 2 potions of lignification {unknown}
 k - a potion of cancellation {unknown}
 m - a potion of mutation {unknown}
 n - a potion of berserk rage {unknown}
 o - a potion of haste {unknown}
 q - a potion of heal wounds {unknown}
 u - 2 potions of degeneration {unknown}


   Skills:
 - Level 2.1 Dodging
 - Level 1.5 Stealth
 + Level 5.7 Spellcasting


You knew the following spells:

 Your Spells              Type           Power      Damage    Failure   Level
a - Magic Dart            Conj           100%       1d8       1%          1
b - Searing Ray           Conj           100%       2d8       1%          2
c - Dazzling Flash        Conj/Hex       100%       N/A       3%          3
d - Fulminant Prism       Conj/Hex       26%        3d13      11%         4
e - Iskenderun's Mystic   Conj/Tloc      52%        2d11      11%         4
f - Beastly Appendage     Tmut           70%        N/A       1%          1
g - Wereblood             Tmut           35%        N/A       1%          2
Your spell library was empty.

Dungeon Overview and Level Annotations

Branches:
Dungeon (3/15)

Altars:
Fedhas

Annotations:
D:5 Dowan


Innate Abilities, Weirdness & Mutations

You are immune to sickness and miasma.
You are immune to poison.
Your flesh is very heat resistant. (rF++)
You are vulnerable to cold. (rC-)
You float through the air rather than walking.
You learn spells naturally, not from books.
Your magical power is your life essence.
You have superior vitality. (+4 MHP)


Message History

Aim: a white imp (lightly wounded, 100% to hit)
You feel a surge of power!
The magic dart hits the white imp but does no damage.
The white imp is lightly wounded.
The white imp closely misses you.
A white imp is nearby!
Casting: Magic Dart (safe; 1% risk of failure)
Confirm with . or Enter, or press ? or * to list all spells.
Aiming: Magic Dart (safe; 1% risk of failure)
Press: ? - help, Shift-Dir - straight line, f/p - white imp
Aim: a white imp (lightly wounded, 100% to hit)
You feel a surge of power!
The magic dart hits the white imp.
The white imp is moderately wounded.
The white imp gestures at you. The puff of frost hits you!
You feel a terrible chill!
* * * LOW HITPOINT WARNING * * *
Dowan, Brother of Duvessa comes into view.
He is wielding a +0 dagger and carrying a wand of polymorph (5).
You take 15 damage, and have 18/40 hp.
MASSIVE DAMAGE!!
There are monsters nearby!
Casting: Magic Dart (safe; 1% risk of failure)
Confirm with . or Enter, or press ? or * to list all spells.
Aiming: Magic Dart (safe; 1% risk of failure)
Press: ? - help, Shift-Dir - straight line, f/p - white imp
Aim: a white imp (moderately wounded, 100% to hit)
You feel a surge of power!
The magic dart hits the white imp.
The white imp is heavily wounded.
* * * LOW HITPOINT WARNING * * *
The white imp hits you.
* * * LOW HITPOINT WARNING * * *
The white imp freezes you.
You feel a terrible chill!
* * * LOW HITPOINT WARNING * * *
Dowan casts a spell.
Dowan blinks!
You take 8 damage, and have 10/40 hp.
Casting: Magic Dart (safe; 1% risk of failure)
Confirm with . or Enter, or press ? or * to list all spells.
Okay, then.
The white imp gestures at you. The puff of frost hits you!
You feel a terrible chill!
You die...

####...###.........
##..########........
#....##..###........
#....'....#.........
##..##....#.........
+#§###..####..)....
##...##'#..##......
##.....##....'......
#?.@.e./#....#......
#$5.8..)##..###.....
#[.....!##+## ....#
##.....## ..###
##..†## ..# ###'#
... .. .. ...


You could see Dowan and a white imp.

Vanquished Creatures
  A phantom (D:5)
  A howler monkey (D:5)
  A jelly (D:5)
  An iguana (D:5)
  A white imp (D:5)
  3 dart slugs
  8 orcs
  9 ball pythons
  5 bats
  11 endoplasms
  A giant cockroach (D:1)
  5 hobgoblins
  5 quokkas
  2 frilled lizards
  5 goblins
  9 kobolds
  8 rats
76 creatures vanquished.

Notes
Turn   | Place    | Note
-------+----------+-------------------------------------------
     0 | D:1      | spardeous the Djinni Conjurer began the quest for the Orb.
     0 | D:1      | spardeous set off with the following spells memorised:
                  | Magic Dart, Searing Ray, Dazzling Flash, Fulminant Prism,
                  | Iskenderun's Mystic Blast.
     0 | D:1      | Reached XP level 1. HP: 15/15 MP: 0/0
   172 | D:1      | Reached XP level 2. HP: 20/21 MP: 0/0
   309 | D:1      | Found a faded altar of an unknown god.
   338 | D:1      | Reached XP level 3. HP: 23/25 MP: 0/0
   338 | D:1      | Learned a level 1 spell: Beastly Appendage
   395 | D:1      | Reached skill level 4 in Spellcasting
   798 | D:2      | Reached XP level 4. HP: 18/31 MP: 0/0
   912 | D:2      | Identified the +5 dagger of Tenacity {pain, rPois rC+ Str-5
                  | Int+2}
  2306 | D:3      | Found a blossoming altar of Fedhas.
  2321 | D:3      | You are sucked into a shaft and drop 2 floors!
  2321 | D:5      | Entered Level 5 of the Dungeon
  2336 | D:5      | Reached XP level 5. HP: 24/35 MP: 0/0
  2336 | D:5      | Learned a level 2 spell: Wereblood
  2386 | D:5      | Noticed a phantom
  2391 | D:5      | Killed a phantom
  2392 | D:5      | Reached skill level 5 in Spellcasting
  2392 | D:5      | Reached XP level 6. HP: 34/40 MP: 0/0
  2473 | D:5      | Noticed Dowan
  2475 | D:5      | Killed from afar by a white imp

Illustrated notes

Levels and vault maps discovered:
D:1:      dpeg_arrival_round_a, layout_rooms,
          hellmonk_ecumenical_altar_inner_sanctum, minmay_hexomino_c4
D:2:      layout_loops_ring
D:3:      layout_basic, fedhas_altar_3, minivault_27
D:5:      minmay_bubble_buster, layout_rooms, mainiacjoe_overflow_catwalk,
          grunt_decor_cap, minmay_misc_feat_x, uniq_menkaure, uniq_ijyb,
          uniq_duvessa

Skill      XL: |  1  2  3  4  5 |
---------------+----------------+-----
Spellcasting   | 4 5 |  5.7
Dodging        | |  2.1
Stealth        | |  1.5

Action                     |  1- 3 |  4- 6 || total
---------------------------+-------+-------++-------
   Cast: Magic Dart        |    71 |    83 ||   154
         Searing Ray       |     1 |     2 ||     3
 Armour: Robe              |     1 |       ||     1
         Leather armour    |     3 |     1 ||     4
  Dodge: Dodged            |     1 |     4 ||     5
